 Dungeon Sprint DCSS version 0.19.1-1-g22dce08 (webtiles) character file.

17770 Ponchio the Eclecticist (level 12, -2/59 HPs)
             Began as a Deep Elf Fire Elementalist on Jan 5, 2017.
             Was the Champion of Vehumet.
             Killed by divine providence
             ... invoked by a daeva
              (9 damage)
             ... in the Dungeon (Sprint V: "Ziggurat Sprint").
             The game lasted 00:39:05 (2216 turns).

Ponchio the Eclecticist (DEFE)                      Turns: 2216, Time: 00:39:06

Health: -2/59      AC:  6    Str:  3    XL:     12   Next: 21%
Magic:  22/43      EV: 30    Int: 43    God:    Vehumet [******]
Gold:   0          SH:  0    Dex: 21    Spells: 5 memorised, 25 levels left

rFire  + . .     SeeInvis .     I - +6 Majin-Bo {vamp, Archmagi MP+6 Int+6}
rCold  . . .     Gourm    .     Q - +2 robe {rF+}
rNeg   + . .     Faith    .     (shield currently unavailable)
rPois  +         Spirit   .     T - +1 hat
rElec  +         Reflect  .     K - +0 cloak of Cough {rPois rN+ Str+2 Stlth+} (curse)
rCorr  .         Harm     .     (no gloves)
MR     +....     NoTele   +     (no boots)
Stlth  ++........               (no amulet)
                                C - ring of Nian {rElec Str-4 Int+5 Dex+6}
                                B - +6 ring of intelligence

@: slightly contaminated, hasted, glowing, very quick
A: no striking features
a: Renounce Religion


You were in the Dungeon.
You worshipped Vehumet.
Vehumet was exalted by your worship.
You were not hungry.

You visited 1 branch

Inventory:

Hand Weapons
 I - the +6 Majin-Bo (weapon) {vamp, Archmagi MP+6 Int+6}
   (You found it in the Dungeon)

   It inflicts no extra harm, but heals its wielder when it wounds a living foe.
   It affects your intelligence (+6).
   It affects your magic capacity (+6).
Armour
 K - the cursed +0 cloak of Cough (worn) {rPois rN+ Str+2 Stlth+}
   (You found it in the Dungeon)

   It affects your strength (+2).
   It protects you from poison.
   It protects you from negative energy.
   It makes you more stealthy.
   It has a curse placed upon it.
 Q - a +2 robe of fire resistance (worn)
 T - a +1 hat (worn)
Jewellery
 y - a +6 ring of dexterity
 z - a +6 ring of dexterity
 A - a +6 ring of intelligence
 B - a +6 ring of intelligence (left hand)
 C - the ring of Nian (right hand) {rElec Str-4 Int+5 Dex+6}
   (You found it in the Dungeon)

   [ring of intelligence]

   It affects your strength (-4).
   It affects your intelligence (+5).
   It affects your dexterity (+6).
   It insulates you from electricity.
 O - the ring "Uma Jyo" {rN+++ Str+6 Int-3 Dex+2 Stlth-}
   (You found it in the Dungeon)

   [ring of loudness]

   It affects your strength (+6).
   It affects your intelligence (-3).
   It affects your dexterity (+2).
   It renders you almost immune to negative energy.
   It makes you less stealthy.
 V - an uncursed ring of positive energy
Wands
 E - a wand of disintegration (2/24)
 F - a wand of iceblast (3/15)
 G - a wand of lightning (3/15)
 H - a wand of acid (5/15)
 N - a wand of hasting (6/9)
Scrolls
 i - a scroll of blinking
 p - 4 scrolls of amnesia
 q - 3 scrolls of recharging
 r - 7 scrolls of fog
 s - a scroll of holy word
 t - 5 scrolls of identify
 u - 5 scrolls of remove curse
 v - 2 scrolls of fear
 J - a scroll of brand weapon
Potions
 d - 10 potions of curing
 f - a potion of haste
 g - 6 potions of magic
 h - 3 potions of berserk rage
 j - 2 potions of brilliance
 k - 2 potions of invisibility
 l - 4 potions of resistance
 n - 6 potions of agility
 o - 5 potions of might
Books
 a - a book of Flames

   Spells                             Type                      Level
   a - Flame Tongue                   Conjuration/Fire             1
   b - Throw Flame                    Conjuration/Fire             2
   c - Conjure Flame                  Conjuration/Fire             3
   d - Inner Flame                    Hexes/Fire                   3
   e - Sticky Flame                   Conjuration/Fire             4
   f - Fireball                       Conjuration/Fire             5
 b - a book of Flames

   Spells                             Type                      Level
   a - Flame Tongue                   Conjuration/Fire             1
   b - Throw Flame                    Conjuration/Fire             2
   c - Conjure Flame                  Conjuration/Fire             3
   d - Inner Flame                    Hexes/Fire                   3
   e - Sticky Flame                   Conjuration/Fire             4
   f - Fireball                       Conjuration/Fire             5
 D - a book of Maledictions

   Spells                             Type                      Level
   a - Corona                         Hexes                        1
   b - Ensorcelled Hibernation        Hexes/Ice                    2
   c - Confuse                        Hexes                        3
   d - Tukima's Dance                 Hexes                        3
   e - Dazzling Spray                 Conjuration/Hexes            3
 L - a book of Ice

   Spells                             Type                      Level
   a - Ice Form                       Ice/Transmutation            4
   b - Metabolic Englaciation         Hexes/Ice                    5
   c - Ozocubu's Refrigeration        Ice                          6
   d - Bolt of Cold                   Conjuration/Ice              6
   e - Freezing Cloud                 Conjuration/Ice/Air          6
   f - Simulacrum                     Ice/Necromancy               6
 R - the Volume of Damaging Dislocation
   (You found it in the Dungeon)

   Spells                             Type                      Level
   a - Throw Frost                    Conjuration/Ice              2
   b - Iskenderun's Mystic Blast      Conjuration                  4
   c - Malign Gateway                 Summoning/Translocation      7
 S - a book of Unlife

   Spells                             Type                      Level
   a - Recall                         Summoning/Translocation      3
   b - Animate Dead                   Necromancy                   4
   c - Control Undead                 Necromancy                   4
   d - Cigotuvi's Embrace             Necromancy                   5
   e - Death Channel                  Necromancy                   6
   f - Simulacrum                     Ice/Necromancy               6
Miscellaneous
 m - a phial of floods
 M - a lamp of fire
 U - a phantom mirror
Comestibles
 c - 3 bread rations
 w - 39 fruits
 x - 4 meat rations
 P - 3 royal jellies


   Skills:
 + Level 18.8 Dodging
 - Level 2.4 Stealth
 + Level 19.7 Spellcasting
 + Level 16.9 Conjurations
 + Level 6.8 Fire Magic
 - Level 14.1 Evocations


You had 25 spell levels left.
You knew the following spells:

 Your Spells              Type           Power        Failure   Level  Hunger
a - Flame Tongue          Conj/Fire      #####        0%          1    None
b - Fireball              Conj/Fire      ########..   1%          5    None
c - Bolt of Cold          Conj/Ice       ########..   1%          6    None
d - Iron Shot             Conj/Erth      ########..   1%          6    None
e - Orb of Destruction    Conj           ########..   1%          7    None


Dungeon Overview and Level Annotations

Branches:
Dungeon (1/1)

Altars:
Ashenzari
Cheibriados
Dithmenos
Elyvilon
Fedhas
Gozag
Hepliaklqana
Kikubaaqudgha
Makhleb
Nemelex Xobeh
Okawaru
Qazlal
Ru
Sif Muna
Trog
Uskayaw
Vehumet
Xom
Yredelemnul
Zin
The Shining One
Beogh
Jiyva
Lugonu


Message History

Press: ? - help, Shift-Dir - straight line, f - pearl dragon
Aim: a pearl dragon (haloed)
You feel a surge of power!
* * * LOW HITPOINT WARNING * * *
The pearl dragon breathes holy energy at you.
The blast of cleansing flame engulfs you!
* * * LOW HITPOINT WARNING * * *
You feel much better.
You are engulfed in blessed fire.
* * * LOW HITPOINT WARNING * * *
You feel much better.
You are engulfed in blessed fire.
You feel much better.
You are engulfed in blessed fire.
You are engulfed in blessed fire.
* * * LOW HITPOINT WARNING * * *
Blink to where?
Press: ? - help, Dir - move target cursor, p - pearl dragon You are lightly contaminated with residual magic.
As you read the scroll of blinking, it crumbles to dust.
The daeva calls down the wrath of the Shining One upon you.
The Shining One smites you!
You die...

▓....8©8....▓........▓..
▓§D===).)|..▓........▓.▓
▓..A§[\[)}..▓........▓..
▓....§§§....▓▓▓▓▓▓▓▓▓▓▓▓
▓..A[.......▓...8©8...▓.
▓...........▓..[):)...▓.
▓...........▓..)))....▓.
▓..▓.....▓..▓....)....▓.
▓.▓▓▓..@▓▓▓.▓.........▓.
▓..▓.....▓..▓.........▓.
▓...........▓.........▓.
▓▓▓▓▓▓▓▓▓▓▓▓▓.▓.....▓.▓.
▓....8©8....▓....(....▓.
▓..[.=[.=}..▓▓▓▓▓▓▓▓▓▓▓▓
▓...[[=||...▓...8©8...▓.
▓...........▓..|[())..▓.
▓.....[.....▓..)()))).▓.


You could see 2 daevas and a pearl dragon.

Vanquished Creatures
  A pearl dragon (D)
  3 nagarajas (D)
  An ophan (D)
  A yaktaur captain (D)
  A naga warrior (D)
  2 skeletal warriors (D)
  2 cyclopes (D)
  2 guardian serpents (D)
  A naga mage (D)
  2 smoke demons (D)
  4 yaktaurs (D)
  5 merfolk (D)
  A hippogriff (D)
  2 small abominations (D)
  2 ynoxinuls (D)
  A fire bat (D)
  A fire elemental (D)
  A naga (D)
  An insubstantial wisp (D)
  2 water moccasins (D)
  2 hell hounds (D)
  6 orc warriors (D)
  2 necrophages (D)
  2 phantoms (D)
  4 centaurs (D)
  2 quasits (D)
  3 orc wizards (D)
  3 orc priests (D)
  2 iron imps (D)
  3 mummies (D)
  An adder (D)
  2 shadow imps (D)
  4 white imps (D)
  2 ufetubi (D)
  2 adder skeletons (D)
  An orc (D)
  A bat skeleton (D)
  5 bat zombies (D)
  A giant cockroach zombie (D)
  2 jackal zombies (D)
  A quokka skeleton (D)
  A quokka zombie (D)
88 creatures vanquished.

Vanquished Creatures (others)
  Roxanne (D)
  Josephine (D)
  Erolcha (D)
  Sigmund (D)
  Menkaure (D)
  Ijyb (D)
  A fire vortex (D)
7 creatures vanquished.

Grand Total: 95 creatures vanquished

Notes
Turn   | Place    | Note
-------+----------+-------------------------------------------
     0 | D        | Ponchio the Deep Elf Fire Elementalist began the quest for the Orb.
     0 | D        | Reached XP level 1. HP: 10/10 MP: 6/6
     0 | D        | Found a deep blue altar of Sif Muna.
     0 | D        | Found a bloodstained altar of Trog.
     0 | D        | Found a sacrificial altar of Ru.
     0 | D        | Found a stormy altar of Qazlal.
     0 | D        | Found an iron altar of Okawaru.
     1 | D        | Found a sparkling altar of Nemelex Xobeh.
     1 | D        | Found a blossoming altar of Fedhas.
     3 | D        | Found an ancient bone altar of Kikubaaqudgha.
     3 | D        | Found a viscous altar of Jiyva.
     3 | D        | Found a corrupted altar of Lugonu.
     3 | D        | Found a hazy altar of Hepliaklqana.
     3 | D        | Found a burning altar of Makhleb.
     3 | D        | Found an opulent altar of Gozag.
     3 | D        | Killed Ijyb
    23 | D        | Reached XP level 2. HP: 15/15 MP: 7/9
    98 | D        | Became a worshipper of Vehumet
   113 | D        | Entered arena 1.
   216 | D        | Killed Josephine
   227 | D        | Entered arena 2.
   227 | D        | Noticed a phantom
   229 | D        | Reached * piety under Vehumet
   229 | D        | Offered knowledge of Magic Dart by Vehumet.
   230 | D        | Killed a phantom
   230 | D        | Reached skill level 7 in Spellcasting
   230 | D        | Reached skill level 5 in Conjurations
   230 | D        | Reached XP level 3. HP: 19/19 MP: 13/13
   230 | D        | Reached XP level 4. HP: 24/24 MP: 15/15
   231 | D        | Reached ** piety under Vehumet
   268 | D        | Entered arena 3.
   270 | D        | Reached *** piety under Vehumet
   270 | D        | Reached skill level 8 in Spellcasting
   280 | D        | Got the cursed +0 cloak of Cough {rPois rN+ Str+2 Stlth+}
   307 | D        | Entered arena 4.
   307 | D        | Noticed a fire elemental
   307 | D        | Noticed a hell hound
   307 | D        | Noticed a hell hound
   308 | D        | Killed a hell hound
   308 | D        | Reached skill level 9 in Spellcasting
   308 | D        | Reached XP level 5. HP: 28/28 MP: 19/19
   309 | D        | Killed a hell hound
   309 | D        | Reached skill level 11 in Spellcasting
   309 | D        | Reached XP level 6. HP: 32/32 MP: 22/22
   309 | D        | Killed a fire elemental
   309 | D        | Reached skill level 12 in Spellcasting
   309 | D        | Reached skill level 10 in Conjurations
   324 | D        | Killed Roxanne
   528 | D        | Learned a level 5 spell: Fireball
   535 | D        | Learned a level 6 spell: Bolt of Cold
   538 | D        | Entered arena 5.
   539 | D        | Offered knowledge of Freeze by Vehumet.
   539 | D        | Reached **** piety under Vehumet
   539 | D        | Reached XP level 7. HP: 36/36 MP: 25/25
   540 | D        | Reached skill level 5 in Dodging
   540 | D        | Reached skill level 13 in Spellcasting
   573 | D        | Killed Sigmund
   627 | D        | Got the ring of Nian {rElec Str-4 Int+5 Dex+6}
   739 | D        | Entered arena 6.
   740 | D        | Offered knowledge of Ignite Poison by Vehumet.
   740 | D        | Reached ***** piety under Vehumet
   741 | D        | Reached XP level 8. HP: 35/41 MP: 26/27
   758 | D        | Got the ring "Uma Jyo" {rN+++ Str+6 Int-3 Dex+2 Stlth-}
   821 | D        | Entered arena 7.
   824 | D        | Reached ****** piety under Vehumet
   825 | D        | Reached skill level 14 in Spellcasting
   909 | D        | Entered arena 8.
  1066 | D        | Entered arena 9.
  1066 | D        | Noticed a yaktaur
  1066 | D        | Noticed a yaktaur
  1066 | D        | Noticed a cyclops
  1066 | D        | Noticed a yaktaur captain
  1066 | D        | Noticed a cyclops
  1066 | D        | Noticed a yaktaur
  1066 | D        | Noticed a yaktaur
  1068 | D        | Killed a yaktaur
  1068 | D        | Offered knowledge of Fulminant Prism by Vehumet.
  1068 | D        | Reached skill level 15 in Spellcasting
  1068 | D        | Reached XP level 9. HP: 45/45 MP: 29/30
  1069 | D        | Killed a cyclops
  1069 | D        | Reached skill level 10 in Dodging
  1069 | D        | Killed a yaktaur
  1069 | D        | Reached skill level 16 in Spellcasting
  1069 | D        | Killed a yaktaur
  1069 | D        | Killed a cyclops
  1070 | D        | Killed a yaktaur captain
  1070 | D        | Reached skill level 17 in Spellcasting
  1070 | D        | Reached XP level 10. HP: 40/50 MP: 33/33
  1142 | D        | Killed Menkaure
  1184 | D        | Entered arena 10.
  1187 | D        | Reached skill level 15 in Conjurations
  1191 | D        | Reached skill level 18 in Spellcasting
  1464 | D        | Identified the Volume of Damaging Dislocation (You found it in the Dungeon)
  1466 | D        | Entered arena 11.
  1467 | D        | Offered knowledge of Bolt of Magma by Vehumet.
  1469 | D        | Noticed a skeletal warrior
  1469 | D        | Noticed a skeletal warrior
  1472 | D        | Killed a skeletal warrior
  1474 | D        | Killed a skeletal warrior
  1663 | D        | Entered arena 12.
  1663 | D        | Noticed a nagaraja
  1663 | D        | Noticed a guardian serpent
  1663 | D        | Noticed a naga mage
  1664 | D        | Noticed a guardian serpent
  1664 | D        | Noticed a nagaraja
  1664 | D        | Killed a guardian serpent
  1664 | D        | Offered knowledge of Iron Shot by Vehumet.
  1664 | D        | Killed a naga mage
  1664 | D        | Reached skill level 15 in Dodging
  1665 | D        | Noticed a nagaraja
  1665 | D        | Noticed a naga warrior
  1665 | D        | Reached XP level 11. HP: 49/54 MP: 35/35
  1668 | D        | Killed a nagaraja
  1668 | D        | Killed a nagaraja
  1668 | D        | Killed a nagaraja
  1671 | D        | Killed a naga warrior
  1894 | D        | Learned a level 6 spell: Iron Shot
  1910 | D        | Entered arena 13.
  1914 | D        | Offered knowledge of Orb of Destruction by Vehumet.
  1916 | D        | Reached skill level 19 in Spellcasting
  2139 | D        | Killed Erolcha
  2172 | D        | Learned a level 7 spell: Orb of Destruction
  2182 | D        | Entered arena 14.
  2184 | D        | Noticed a pearl dragon
  2184 | D        | Noticed a pearl dragon
  2191 | D        | Noticed an ophan
  2191 | D        | Noticed a daeva
  2192 | D        | Noticed a daeva
  2195 | D        | Killed a pearl dragon
  2195 | D        | Reached XP level 12. HP: 42/59 MP: 31/37
  2208 | D        | Killed an ophan
  2216 | D        | Killed from afar by a daeva

Skill      XL: |  1  2  3  4  5  6  7  8  9 10 11 |
---------------+----------------------------------+-----
Evocations     | 8 9 14 | 14.1
Conjurations   | 5 7 9 10 11 13 14 16 | 16.9
Spellcasting   | 7 9 11 12 13 15 17 18 19 | 19.7
Dodging        | 3 7 9 12 15 18 | 18.8
Fire Magic     | 6 |  6.8
Stealth        | |  2.4

Action                   |  1- 3 |  4- 6 |  7- 9 | 10-12 || total
-------------------------+-------+-------+-------+-------++-------
Melee: Quarterstaff      |     4 |     7 |     6 |       ||    17
 Cast: Fireball          |       |       |    14 |    26 ||    40
       Orb of Destructio |       |       |       |     6 ||     6
       Iron Shot         |       |       |       |     4 ||     4
       Bolt of Cold      |       |       |       |     1 ||     1
Evoke: Wand              |     2 |     5 |     1 |     1 ||     9
       Phial of floods   |       |       |       |     1 ||     1
  Use: Potion            |     1 |       |     3 |    15 ||    19
       Scroll            |       |       |       |     3 ||     3
  Eat: Fruit             |     3 |       |       |       ||     3
       Bread ration      |       |     1 |       |     1 ||     2
Armor: Plate armour      |    11 |     1 |       |       ||    12
       Robe              |       |       |       |     1 ||     1
Dodge: Dodged            |       |     1 |     8 |     3 ||    12
